 Dungeon Crawl Stone Soup version 0.20.1-1-g8b1a95d (webtiles) character file.

95 Knicklaso the Cudgeler (level 4, -2/44 HPs)
             Began as an Ogre Warper on July 26, 2017.
             Killed by miscasting Blink (5 damage)
             ... on level 3 of the Dungeon.
             The game lasted 00:04:35 (2309 turns).

Knicklaso the Cudgeler (Ogre Warper)                Turns: 2309, Time: 00:04:36

Health: -2/44      AC:  3    Str: 14 (16) XL:     4   Next: 65%
Magic:  5/7        EV:  4    Int: 12 (14) God:
Gold:   114        SH:  9    Dex:  5 (8)  Spells: 3/7 levels left

rFire    . . .     SeeInvis .   a - +0 mace
rCold    . . .     Gourm    .   p - +0 large shield
rNeg     . . .     Faith    .   b - +0 robe
rPois    .         Spirit   .   (helmet restricted)
rElec    .         Reflect  .   (no cloak)
rCorr    .         Harm     .   (gloves unavailable)
MR       .....                  (boots unavailable)
Stlth    +.........             (no amulet)
Regen    0.2/turn               (no ring)
MPRegen  0.1/turn               (no ring)

@: flying, very slightly contaminated
A: unfitting armour, tough skin 1
a: no special abilities


You were on level 3 of the Dungeon.
You were hungry.

You visited 1 branch of the dungeon, and saw 3 of its levels.

You collected 114 gold pieces.

Inventory:

Hand Weapons
 a - a +0 mace (weapon)
Missiles
 e - 5 tomahawks of dispersal
 j - 7 javelins (quivered)
Armour
 b - a +0 robe (worn)
 p - a +0 large shield (worn)
Scrolls
 d - a scroll of blinking
 g - a scroll of immolation {unknown}
 h - a scroll of amnesia {unknown}
 i - 2 scrolls of remove curse {unknown}
 m - a scroll of recharging {unknown}
Potions
 k - a potion of degeneration
 o - a potion of invisibility
Books
 c - a book of Spatial Translocations

   Spells                             Type                      Level
   a - Blink                          Translocation                2
   b - Shroud of Golubria             Charms/Translocation         2
   c - Lesser Beckoning               Translocation                3
   d - Gell's Gravitas                Translocation                3
   e - Teleport Other                 Translocation                3
   f - Passage of Golubria            Translocation                4
Comestibles
 f - 2 bread rations
 l - a fruit
 q - a chunk of flesh


   Skills:
 - Level 2.6 Fighting
 + Level 4.2 Maces & Flails
 - Level 1.0 Throwing
 - Level 2.1 Dodging
 - Level 2.4 Spellcasting
 - Level 2.6 Translocations


You had 3 spell levels left.
You knew the following spells:

 Your Spells              Type           Power        Failure   Level  Hunger
a - Shroud of Golubria    Chrm/Tloc      #.........   99%         2    ###....
b - Blink                 Tloc           N/A          98%         2    ###....


Dungeon Overview and Level Annotations

Branches:
Dungeon (3/15)

Altars:
Elyvilon
Yredelemnul

Annotations:
D:3 Robin


Innate Abilities, Weirdness & Mutations

You are too large for most types of armour.
You have tough skin. (AC +1)


Message History

It was a potion of degeneration.
There was something very wrong with that liquid.
You feel weakened.
You feel dopey.
You feel clumsy.
The hobgoblin no longer looks unusually strong.
The goblin hits you.
* * * LOW HITPOINT WARNING * * *
Robin roars a battlecry!
The goblins go into a battle-frenzy!
It was a potion of flight.
You feel very buoyant.
You fly up into the air.
The goblin hits you.
* * * LOW HITPOINT WARNING * * *
Robin hits you but does no damage.
Casting: Shroud of Golubria
Confirm with . or Enter, or press ? or * to list all spells.
The spell is very dangerous to cast!
Continue anyway?
You miscast Blink.
You are very lightly contaminated with residual magic.
Space bends around you!
You die...

########.###................
..#.#.................g
#.#.#.# #.......g.gg..g
#.#.#.# #....gg....g...
#.#.#.# #....g#..(.###.
#.#.#.###.###.#.#+##
#.#.#.....# #.#.#
######.#.#...#####g#.#
...............g@gg#.#
.####.##.#.#<#######.#
#.......#...#........
#.##.####..........
#.##.####.#.#.#####
#.##......#.#.#
#....####.#.#.# ####.#
#...#.# #.# #.#.#.#


You could see Robin, a hobgoblin and 2 goblins.

Vanquished Creatures
  Jessica (D:2)
  An adder (D:2)
  An ooze (D:2)
  3 dart slugs
  5 bats
  11 goblins
  9 hobgoblins
  6 kobolds
  3 frilled lizards (D:2)
  6 rats
46 creatures vanquished.

Notes
Turn   | Place    | Note
-------+----------+-------------------------------------------
     0 | D:1      | Knicklaso the Ogre Warper began the quest for the Orb.
     0 | D:1      | Reached XP level 1. HP: 22/22 MP: 3/3
    39 | D:1      | Reached skill level 2 in Maces & Flails
   223 | D:1      | Reached XP level 2. HP: 29/29 MP: 5/5
   334 | D:1      | Learned a level 2 spell: Shroud of Golubria
   337 | D:1      | Learned a level 2 spell: Blink
   897 | D:1      | Reached skill level 3 in Maces & Flails
   979 | D:2      | Reached XP level 3. HP: 30/36 MP: 6/6
  1178 | D:2      | Noticed Jessica
  1220 | D:2      | Killed Jessica
  1474 | D:2      | Found a white marble altar of Elyvilon.
  1523 | D:2      | Reached XP level 4. HP: 7/44 MP: 3/7
  1678 | D:2      | Found a basalt altar of Yredelemnul.
  1809 | D:2      | Reached skill level 4 in Maces & Flails
  2266 | D:3      | Noticed Robin
  2309 | D:3      | Killed by miscasting Blink

Skill      XL: |  1  2  3  4 |
---------------+-------------+-----
Maces & Flails | 2 3 4 |  4.2
Fighting       | |  2.6
Throwing       | |  1.0
Dodging        | |  2.1
Spellcasting   | |  2.4
Translocations | |  2.6

Action                   |  1- 3 |  4- 6 || total
-------------------------+-------+-------++-------
Melee: Mace              |   104 |    78 ||   182
 Cast: Shroud of Golubri |     1 |       ||     1
  Use: Potion            |       |     3 ||     3
  Eat: Chunk             |     2 |     2 ||     4
Armor: Robe              |    30 |    15 ||    45
Dodge: Dodged            |    62 |    30 ||    92
Block: Large shield      |       |    23 ||    23
